 Dungeon Crawl Stone Soup version 0.25-a0-251-g572059c536 (webtiles) character file.

Game seed: 11771819622630171507, levelgen mode: deterministic

960 floatRand the Poker (level 7, -4/50 HPs)
             Began as a Demonspawn Gladiator on Dec 4, 2019.
             Slain by an orc warrior
             ... wielding a +0 short sword
              (18 damage)
             ... on level 5 of the Dungeon.
             The game lasted 00:06:18 (6178 turns).

floatRand the Poker (Demonspawn Gladiator)          Turns: 6178, Time: 00:06:18

Health: -4/50      AC:  4    Str: 15    XL:     7   Next: 92%
Magic:  5/5        EV: 12    Int: 11    God:
Gold:   305        SH:  0    Dex: 14    Spells: 6/6 levels left

rFire    . . .     SeeInvis .   e - +3 scythe (venom)
rCold    . . .     Gourm    .   (shield currently unavailable)
rNeg     . . .     Faith    .   b - +0 leather armour
rPois    .         Spirit   .   (helmet restricted)
rElec    .         Reflect  .   n - +0 cloak
rCorr    .         Harm     .   (no gloves)
MR       .....                  (no boots)
Stlth    +.........             g - amulet of the acrobat
HPRegen  0.16/turn              (no ring)
MPRegen  0.09/turn              (no ring)

@: no status effects
A: antennae 2, hooves 2, clever 1, clumsy 1, demonic guardian 1, low mp 2,
powered by pain 1
a: no special abilities


You were on level 5 of the Dungeon.
You were hungry.

You visited 2 branches of the dungeon, and saw 7 of its levels.

You collected 305 gold pieces.

Inventory:

Hand Weapons
 a - a +0 war axe
 e - a +3 scythe of venom (weapon)
Missiles
 d - 3 throwing nets (quivered)
Armour
 b - a +0 leather armour (worn)
 c - a +0 helmet
 n - a +0 cloak (worn)
Jewellery
 g - an amulet of the acrobat (around neck)
 p - a +3 ring of dexterity {unknown}
Scrolls
 h - 2 scrolls of blinking {unknown}
 i - 3 scrolls of remove curse {unknown}
 j - a scroll of magic mapping {unknown}
 l - 2 scrolls of identify {unknown}
 u - a scroll of enchant armour {unknown}
 v - a scroll of acquirement {unknown}
Potions
 k - a potion of might
 m - 3 potions of haste {unknown}
 o - a potion of magic {unknown}
 q - 2 potions of ambrosia {unknown}
 r - a potion of invisibility {unknown}
 s - a potion of curing
 t - 2 potions of lignification {unknown}
 w - a potion of degeneration {unknown}
Comestibles
 f - 13 rations


   Skills:
 - Level 2.0 Fighting
 - Level 6.0(7.2) Axes
 * Level 6.2(7.3) Polearms
 - Level 1.7 Throwing
 - Level 2.6 Dodging


You had 6 spell levels left.
You didn't know any spells.
Your spell library was empty.

Dungeon Overview and Level Annotations

Branches:
Dungeon (6/15)             Temple (1/1) D:4

Altars:
Ashenzari
Elyvilon
Fedhas
Kikubaaqudgha
Makhleb
Nemelex Xobeh
Okawaru
Ru
Uskayaw
Vehumet
Wu Jian
Xom
Yredelemnul
Zin

Annotations:
D:5 2 transporters, floatRand's ghost, novice OpFi


Innate Abilities, Weirdness & Mutations

You have a pair of antennae on your head.
You have hoof-like feet.
A weak demonic guardian rushes to your aid.
You sometimes gain a little power by taking damage.
Your mind is acute. (Int +2)
You are clumsy. (Dex -2)
Your magical capacity is very low. (-20% MP)


Message History

You climb upwards.
Your summoned ally is left behind.
Level annotation: 2 transporters, floatRand's ghost, novice OpFi
There is a stone staircase leading down here.
You completely miss the orc warrior. Your kick misses the orc warrior.
The orc warrior hits you but does no damage.
The orc warrior misses you.
Unknown command.
You hit the orc warrior.
The orc warrior is poisoned.
You kick the orc warrior, but do no damage.
The orc warrior is moderately wounded.
The orc warrior hits you with a +0 short sword.
Unknown command.
Unknown command.
You slash the orc warrior!
The orc warrior looks as sick as possible!
The orc warrior is severely wounded.
The orc warrior hits you with a +0 short sword.
* * * LOW HITPOINT WARNING * * *
The orc warrior hits you with a +0 short sword!!
You die...

...# ########...............#
...# #........#############.####
...###........# #.........#
........[.....########.####.#.##
...###.................# #.#.#
...# #######...######### #.#.#
#.##### #...# #.#.#
......######...### #.#.#
...............o@# #.#.#
......######...#.##########.#.#
......# #..<#.#.......##.#.#
.....(# #.#.#.#.#####.##.#.#
......# #...#.#.#........#.#
......##########.#.....#.##.#.#
.................#######.#..#.#
......####....#####....#.####.##
......#..........>#.##.#.......#


You could see an orc warrior.

Vanquished Creatures
  Sigmund (D:2)
  Duvessa (D:4)
  A sky beast (D:5)
  A gnoll sergeant (D:6)
  Dowan (D:4)
  A crimson imp (D:5)
  2 hounds (D:4)
  2 orc priests
  An iguana (D:4)
  A hound skeleton (D:5)
  8 gnolls
  7 adders
  2 shadow imps
  An ooze (D:1)
  3 worms
  3 dart slugs
  A leopard gecko (D:6)
  6 orcs
  A ball python (D:4)
  8 giant cockroaches
  6 goblins
  7 hobgoblins
  4 jackals (D:3)
  7 kobolds
  A quokka (D:4)
  13 bats
  3 frilled lizards
  A jackal skeleton (D:4)
  12 rats
106 creatures vanquished.

Vanquished Creatures (collateral kills)
  An ogre (D:5)
  A scorpion (D:4)
  2 gnolls
  A shadow imp (D:5)
  2 orcs
7 creatures vanquished.

Grand Total: 113 creatures vanquished

Notes
Turn   | Place    | Note
-------+----------+-------------------------------------------
     0 | D:1      | floatRand the Demonspawn Gladiator began the quest for the
                  | Orb.
     0 | D:1      | Reached XP level 1. HP: 16/16 MP: 1/1
    44 | D:1      | Gained mutation: You have large cloven feet. [demonic
                  | ancestry]
    44 | D:1      | Reached XP level 2. HP: 7/22 MP: 2/2
   856 | D:1      | Gained mutation: A weak demonic guardian rushes to your
                  | aid. [demonic ancestry]
   856 | D:1      | Reached XP level 3. HP: 27/27 MP: 3/3
  1153 | D:2      | Found a sacrificial altar of Ru.
  1428 | D:2      | Found a white marble altar of Elyvilon.
  1440 | D:2      | Noticed Sigmund
  1449 | D:2      | Gained mutation: Your magical capacity is low. (-10% MP)
                  | [potion of mutation]
  1449 | D:2      | Gained mutation: You are clumsy. (Dex -2) [potion of
                  | mutation]
  1449 | D:2      | Gained mutation: Your magical capacity is very low. (-20%
                  | MP) [potion of mutation]
  1449 | D:2      | Gained mutation: Your mind is acute. (Int +2) [potion of
                  | mutation]
  1454 | D:2      | Killed Sigmund
  1454 | D:2      | Reached skill level 5 in Axes
  1454 | D:2      | Gained mutation: You have hoof-like feet. [demonic
                  | ancestry]
  1454 | D:2      | Reached XP level 4. HP: 24/33 MP: 3/3
  1454 | D:2      | Gained mutation: You have a pair of small antennae on your
                  | head. [demonic ancestry]
  1454 | D:2      | Reached XP level 5. HP: 27/38 MP: 4/4
  1820 | D:2      | Found a radiant altar of Vehumet.
  2903 | D:4      | Reached skill level 1 in Polearms
  2903 | D:4      | Gained mutation: You have a pair of antennae on your head.
                  | [demonic ancestry]
  2903 | D:4      | Reached XP level 6. HP: 20/44 MP: 4/4
  3126 | D:4      | Found a shimmering altar of Xom.
  3278 | D:4      | Noticed Duvessa
  3279 | D:4      | Noticed Dowan
  3286 | D:4      | Killed Duvessa
  3290 | D:4      | Killed Dowan
  3290 | D:4      | Gained mutation: You sometimes gain a little power by
                  | taking damage. [demonic ancestry]
  3290 | D:4      | Reached XP level 7. HP: 13/50 MP: 5/5
  3893 | D:4      | Found an ancient bone altar of Kikubaaqudgha.
  3929 | D:4      | Found a staircase to the Ecumenical Temple.
  3978 | Temple   | Entered the Ecumenical Temple
  4453 | D:5      | Entered Level 5 of the Dungeon
  5493 | D:5      | Reached skill level 5 in Polearms
  5795 | D:5      | Found a transporter.
  5795 | D:5      | Noticed floatRand's ghost (novice OpFi)
  5802 | D:5      | Noticed a hungry ghost
  5956 | D:5      | Found a transporter.
  6178 | D:5      | Slain by an orc warrior

Levels and vault maps discovered:
D:1:      tarquinn_simple_flora_water_b, layout_loops_ring,
          minmay_misc_feat_more_columns, grunt_decor_one_mirror
D:2:      layout_basic, nicolae_overflow_hidden_temple, old_standard_altar,
          lemuel_round_altar, serial_glass, glass_columns_b, glass_columns_a,
          uniq_sigmund
D:3:      layout_basic
D:4:      layout_layer_cave, lemuel_doored_altar, lemuel_crystal_altar,
          minmay_temple_entry_enclosed_plants, uniq_duvessa
D:5:      layout_basic, first_ration, gammafunk_ghost_mausoleum
D:6:      layout_rooms, kennysheep_little_box, lemuel_crystal_altar,
          lemuel_coloured_pillars_altar, gammafunk_temple_overflow_arena,
          nicolae_ossuary_entry_giza, uniq_grinder
Temple:   dpeg_three_leaves_temple

Skill      XL: |  1  2  3  4  5  6  7 |
---------------+----------------------+-----
Axes           | 3 5 6 |  6.0
Polearms       | 1 3 6 |  6.2
Fighting       | |  2.0
Throwing       | |  1.7
Dodging        | |  2.6

Action                   |  1- 3 |  4- 6 |  7- 9 || total
-------------------------+-------+-------+-------++-------
Melee: War axe           |   118 |       |       ||   118
       Kick              |    20 |    11 |    15 ||    46
       Scythe            |       |    76 |    79 ||   155
  Use: Potion            |     3 |     1 |       ||     4
 Stab: Distracted        |     1 |       |       ||     1
  Eat: Chunk             |     2 |     6 |     8 ||    16
Armor: Leather armour    |    38 |    16 |    24 ||    78
Dodge: Dodged            |   118 |    81 |    68 ||   267

Table legend:
 A = Non-vault XP
 B = Vault XP
 C = Vault XP percentage of total XP
 D = Non-vault monster count
 E = Vault monster count
 F = Vault count percentage of total count
                 A         B        C        D         E       F
            +---------+---------+-------+---------+---------+-------
      Total |     962 |     410 |  29.9 |     110 |       3 |   2.7
            +---------+---------+-------+---------+---------+-------
        D:1 |      47 |       0 |   0.0 |      24 |       0 |   0.0
        D:2 |      60 |     190 |  76.0 |      23 |       1 |   4.2
        D:3 |      50 |       0 |   0.0 |      21 |       0 |   0.0
        D:4 |     276 |     220 |  44.4 |      20 |       2 |   9.1
        D:5 |     410 |       0 |   0.0 |      17 |       0 |   0.0
        D:6 |     119 |       0 |   0.0 |       5 |       0 |   0.0
            +---------+---------+-------+---------+---------+-------
